SA
PUT-IN-BAY BC @ NEBRASKA PLAINSMEN
07/29/2022
 
TOP OF THE 1ST
Put-In-Bay BC batting - Pitching for Nebraska Plainsmen : RHP Manuel Hernández
Pitching: RHP Manuel Hernández
Batting: RHB Barton Nagel 0-0: Called Strike
0-1: Foul Ball, location: 2F
0-2: Ball
1-2: Strikes out swinging
Batting: RHB Carlos Trujillo 0-0: Ground out 5-3 (Groundball, 56)
Batting: RHB Ed Adams 0-0: Ball
1-0: Foul Ball, location: 2F
1-1: Fly out, F8 (Flyball, 8RM)
Top of the 1st over - 0 run(s), 0 hit(s), 0 error(s), 0 left on base; Put-In-Bay 0 - Nebraska 0
BOTTOM OF THE 1ST
Nebraska Plainsmen batting - Pitching for Put-In-Bay BC : LHP José Tovar
Pitching: LHP José Tovar
Batting: RHB Bartolo Benítez 0-0: Ground out 6-3 (Groundball, 6S)
Batting: RHB Young-hwan Hyon 0-0: Ball
1-0: Foul Ball, location: 2F
1-1: Swinging Strike
1-2: Fly out, F8 (Line Drive, 8RM)
Batting: RHB António Nava 0-0: Fly out, F8 (Flyball, 8RS)
Bottom of the 1st over - 0 run(s), 0 hit(s), 0 error(s), 0 left on base; Put-In-Bay 0 - Nebraska 0
TOP OF THE 2ND
Put-In-Bay BC batting - Pitching for Nebraska Plainsmen : RHP Manuel Hernández
Batting: RHB Preston Hernández 0-0: Ball
1-0: Called Strike
1-1: Foul Ball, location: 2F
1-2: Strikes out swinging
Batting: SHB Dylan Carson 0-0: Called Strike
0-1: Swinging Strike
0-2: Ball
1-2: Ball
2-2: Fly out, F5 (Popup, 5S)
Batting: RHB Ken Little 0-0: Called Strike
0-1: Fly out, F8 (Flyball, 8LM)
Top of the 2nd over - 0 run(s), 0 hit(s), 0 error(s), 0 left on base; Put-In-Bay 0 - Nebraska 0
BOTTOM OF THE 2ND
Nebraska Plainsmen batting - Pitching for Put-In-Bay BC : LHP José Tovar
Batting: RHB Mike Thompson 0-0: Ball
1-0: Swinging Strike
1-1: Ball
2-1: SINGLE (Groundball, 15) (infield hit)
Batting: RHB Dani Trejo 0-0: Called Strike
0-1: Foul Ball, location: 2F
0-2: Strikes out swinging
Batting: LHB Pedro Gutiérrez 0-0: Ball
1-0: Ball
2-0: Fly out, F6 (Popup, 6D)
Batting: RHB Miguel Gómez 0-0: Ball
1-0: Ball
2-0: Called Strike
2-1: Ball
3-1: Called Strike
3-2: Base on Balls
Mike Thompson to second
Batting: LHB Alex Willis 0-0: Swinging Strike
0-1: Ball
1-1: Ball
2-1: Foul Ball, location: 2F
2-2: Ball
3-2: Strikes out looking
Bottom of the 2nd over - 0 run(s), 1 hit(s), 0 error(s), 2 left on base; Put-In-Bay 0 - Nebraska 0
TOP OF THE 3RD
Put-In-Bay BC batting - Pitching for Nebraska Plainsmen : RHP Manuel Hernández
Batting: RHB Eddie Davis 0-0: Foul Ball, location: 2F
0-1: Foul Ball, location: 2F
0-2: Fly out, F7 (Line Drive, 7M)
Batting: RHB Manuel Sánchez 0-0: Ball
1-0: Swinging Strike
1-1: Called Strike
1-2: Ground out 5-3 (Groundball, 5)
Batting: LHB Dale Miller 0-0: Ball
1-0: Ball
2-0: Ball
3-0: Base on Balls
Batting: RHB Barton Nagel 0-0: SINGLE (Line Drive, 5D)
Dale Miller to second
Batting: RHB Carlos Trujillo 0-0: Foul Ball, location: 2F
0-1: Ball
1-1: Ball
2-1: SINGLE (Groundball, 56D)
Dale Miller to third
Barton Nagel to second
Runner from 3rd tries for Home, SAFE, no throw or cutoff
Batting: RHB Ed Adams 0-0: Called Strike
0-1: Foul Ball, location: 2F
0-2: Strikes out swinging
Top of the 3rd over - 1 run(s), 2 hit(s), 0 error(s), 2 left on base; Put-In-Bay 1 - Nebraska 0
BOTTOM OF THE 3RD
Nebraska Plainsmen batting - Pitching for Put-In-Bay BC : LHP José Tovar
Batting: RHB George St. Clair 0-0: Ball
1-0: Ball
2-0: SINGLE (Groundball, 6MD)
Batting: RHB Bartolo Benítez 0-0: Ball
Throwing error on steal attempt, E2
George St. Clair to third
1-0: Ball
2-0: Called Strike
2-1: Reached on error, E5 (Groundball, 56)
George St. Clair scores
Batting: RHB Young-hwan Hyon 0-0: Swinging Strike
0-1: Ball
1-1: Ball
2-1: Ball
3-1: Base on Balls
Batting: RHB António Nava 0-0: Ball
1-0: Foul Ball, location: 2F
1-1: Ball
2-1: Ground out 4-3 (Groundball, 4S)
Bartolo Benítez to third
Young-hwan Hyon to second
Batting: RHB Mike Thompson 0-0: Called Strike
0-1: TRIPLE (Line Drive, 8RM)
Bartolo Benítez scores
Young-hwan Hyon scores
Batting: RHB Dani Trejo 0-0: Ball
1-0: Ball
2-0: Swinging Strike
2-1: DOUBLE (Line Drive, 7LM)
Mike Thompson scores
Batting: LHB Pedro Gutiérrez 0-0: Ball
1-0: SINGLE (Groundball, 34)
Dani Trejo to third
Batting: RHB Miguel Gómez 0-0: Called Strike
0-1: Foul Ball, location: 2F
0-2: SINGLE (Line Drive, 34)
Dani Trejo scores
Pedro Gutiérrez to second
Pedro Gutiérrez to third
Batting: LHB Alex Willis 0-0: Fly out, F9 (Flyball, 89S)
Batting: RHB George St. Clair 0-0: Foul Ball, location: 2F
0-1: Called Strike
0-2: Ball
1-2: Ball
2-2: DOUBLE (Line Drive, 3D)
Pedro Gutiérrez scores
Miguel Gómez to third
Runner from 3rd tries for Home, throw and OUT!
Bottom of the 3rd over - 6 run(s), 6 hit(s), 2 error(s), 1 left on base; Put-In-Bay 1 - Nebraska 6
TOP OF THE 4TH
Put-In-Bay BC batting - Pitching for Nebraska Plainsmen : RHP Manuel Hernández
Batting: RHB Preston Hernández 0-0: Ball
1-0: Fly out, F9 (Line Drive, 9M)
Batting: SHB Dylan Carson 0-0: Called Strike
0-1: Hit by Pitch
Batting: RHB Ken Little 0-0: Called Strike
0-1: Foul Ball, location: 2F
0-2: Ball
1-2: Ball
2-2: SINGLE (Line Drive, 6)
Dylan Carson to second
Batting: RHB Eddie Davis 0-0: Called Strike
Dylan Carson steals 3rd base
Ken Little to second
0-1: Ball
1-1: Ball
2-1: Ground out 6-3 (Groundball, 56)
Dylan Carson scores
Batting: RHB Manuel Sánchez 0-0: Called Strike
0-1: Swinging Strike
0-2: Ball
1-2: Ball
2-2: Strikes out looking
Top of the 4th over - 1 run(s), 1 hit(s), 0 error(s), 1 left on base; Put-In-Bay 2 - Nebraska 6
BOTTOM OF THE 4TH
Nebraska Plainsmen batting - Pitching for Put-In-Bay BC : LHP José Tovar
Batting: RHB Bartolo Benítez 0-0: Ball
1-0: Reached on error, E4 (Groundball, 4)
Batting: RHB Young-hwan Hyon 0-0: Ball
1-0: Foul Ball, location: 2F
1-1: Ball
2-1: Foul Ball, location: 2F
2-2: Fly out, F4 (Popup, 3L)
Batting: RHB António Nava 0-0: Ball
1-0: Grounds into double play, U6-3 (Groundball, 6)
Bottom of the 4th over - 0 run(s), 0 hit(s), 1 error(s), 0 left on base; Put-In-Bay 2 - Nebraska 6
TOP OF THE 5TH
Put-In-Bay BC batting - Pitching for Nebraska Plainsmen : RHP Manuel Hernández
Batting: LHB Dale Miller 0-0: Fly out, F2 (Popup, 2RF)
Batting: RHB Barton Nagel 0-0: Foul Ball, location: 2F
0-1: Fly out, F9 (Flyball, 9M)
Batting: RHB Carlos Trujillo 0-0: Called Strike
0-1: Called Strike
0-2: Foul Ball, location: 2F
0-2: Strikes out swinging
Top of the 5th over - 0 run(s), 0 hit(s), 0 error(s), 0 left on base; Put-In-Bay 2 - Nebraska 6
BOTTOM OF THE 5TH
Nebraska Plainsmen batting - Pitching for Put-In-Bay BC : LHP José Tovar
Batting: RHB Mike Thompson 0-0: Ball
1-0: Ball
2-0: Called Strike
2-1: Foul Ball, location: 2F
2-2: Strikes out swinging
Batting: RHB Dani Trejo 0-0: Foul Ball, location: 2F
0-1: Called Strike
0-2: Fly out, F9 (Flyball, 9M)
Batting: LHB Pedro Gutiérrez 0-0: Fly out, F7 (Flyball, 7D)
Bottom of the 5th over - 0 run(s), 0 hit(s), 0 error(s), 0 left on base; Put-In-Bay 2 - Nebraska 6
TOP OF THE 6TH
Put-In-Bay BC batting - Pitching for Nebraska Plainsmen : RHP Manuel Hernández
Batting: RHB Ed Adams 0-0: Called Strike
0-1: Ball
1-1: SINGLE (Groundball, 6MD)
Batting: RHB Preston Hernández 0-0: Ball
1-0: SINGLE (Groundball, 34D)
Ed Adams to second
Runner from 2nd tries for 3rd, SAFE, no throw or cutoff
Batting: SHB Dylan Carson 0-0: Ball
1-0: SINGLE (Groundball, 56D)
Ed Adams scores
Preston Hernández to second
Batting: RHB Ken Little 0-0: Ball
1-0: DOUBLE (Line Drive, 8LM)
Preston Hernández scores
Dylan Carson to third
Batting: RHB Eddie Davis 0-0: Ball
1-0: Ball
2-0: Ball
3-0: Swinging Strike
3-1: Ground out 6-3 (Groundball, 6MS)
Dylan Carson scores
Ken Little to third
Batting: RHB Manuel Sánchez 0-0: Foul Ball, location: 2F
0-1: Ball
1-1: Swinging Strike
1-2: Strikes out swinging
Batting: LHB Dale Miller 0-0: Foul Ball, location: 2F
0-1: Ball
1-1: Called Strike
1-2: Strikes out swinging
Top of the 6th over - 3 run(s), 4 hit(s), 0 error(s), 1 left on base; Put-In-Bay 5 - Nebraska 6
BOTTOM OF THE 6TH
Nebraska Plainsmen batting - Pitching for Put-In-Bay BC : LHP José Tovar
Batting: RHB Miguel Gómez 0-0: Foul Ball, location: 2F
0-1: Foul Ball, location: 2F
0-2: Ball
1-2: Ball
2-2: Ball
3-2: Foul Ball, location: 2F
3-2: Base on Balls
Batting: LHB Alex Willis 0-0: Fly out, F8 (Flyball, 8RM)
Batting: RHB George St. Clair 0-0: Called Strike
0-1: SINGLE (Line Drive, 6MD)
Miguel Gómez to second
Batting: RHB Bartolo Benítez 0-0: Foul Ball, location: 2F
0-1: Ground out 3-1 (Groundball, 34S)
Miguel Gómez to third
George St. Clair to second
Batting: RHB Young-hwan Hyon 0-0: Called Strike
0-1: Foul Ball, location: 2F
0-2: Ball
1-2: Ball
2-2: Strikes out swinging
Bottom of the 6th over - 0 run(s), 1 hit(s), 0 error(s), 2 left on base; Put-In-Bay 5 - Nebraska 6
TOP OF THE 7TH
Put-In-Bay BC batting - Pitching for Nebraska Plainsmen : RHP Manuel Hernández
Batting: RHB Barton Nagel 0-0: Reached on Error, E8 (Flyball, 78M)
Batting: RHB Carlos Trujillo 0-0: Called Strike
Barton Nagel is caught stealing 2nd base
0-1: Fly out, F9 (Flyball, 9M)
Batting: RHB Ed Adams 0-0: Called Strike
0-1: Swinging Strike
0-2: Ball
1-2: Strikes out swinging
Top of the 7th over - 0 run(s), 0 hit(s), 1 error(s), 0 left on base; Put-In-Bay 5 - Nebraska 6
BOTTOM OF THE 7TH
Nebraska Plainsmen batting - Pitching for Put-In-Bay BC : LHP José Tovar
Batting: RHB António Nava 0-0: Called Strike
0-1: Foul Ball, location: 2F
0-2: Foul Ball, location: 2F
0-2: Ball
1-2: Foul Ball, location: 2F
1-2: Ball
2-2: Ball
3-2: Fly out, F7 (Flyball, 7M)
Batting: RHB Mike Thompson 0-0: Called Strike
0-1: Fly out, F7 (Flyball, 7D)
Batting: RHB Dani Trejo 0-0: Ball
1-0: Fly out, F7 (Flyball, 78M)
Bottom of the 7th over - 0 run(s), 0 hit(s), 0 error(s), 0 left on base; Put-In-Bay 5 - Nebraska 6
TOP OF THE 8TH
Put-In-Bay BC batting - Pitching for Nebraska Plainsmen : RHP Manuel Hernández
Now at C: Juan Suárez
Now at 3B: Manny Rodríguez
Batting: RHB Preston Hernández 0-0: Called Strike
0-1: Ball
1-1: Ball
2-1: SINGLE (Groundball, 56D)
Batting: SHB Dylan Carson 0-0: SINGLE (Line Drive, 7LS)
Preston Hernández to second
Batting: RHB Ken Little 0-0: Bunted foul
0-1: Ball
1-1: Bunt missed!
1-2: Foul Ball, location: 2F
1-2: Foul Ball, location: 2F
1-2: Ball
2-2: Ball
3-2: Foul Ball, location: 2F
3-2: Fly out, F7 (Flyball, 7M)
Batting: RHB Eddie Davis 0-0: Ball
1-0: Called Strike
1-1: Grounds into double play, 1-6-3 (Groundball, 15)
Top of the 8th over - 0 run(s), 2 hit(s), 0 error(s), 1 left on base; Put-In-Bay 5 - Nebraska 6
BOTTOM OF THE 8TH
Nebraska Plainsmen batting - Pitching for Put-In-Bay BC : LHP José Tovar
Pitching: RHP Gabriel Escobar
Batting: LHB Pedro Gutiérrez 0-0: Ball
1-0: Ball
2-0: Swinging Strike
2-1: Foul Ball, location: 2F
2-2: Ball
3-2: Ground out 6-3 (Groundball, 6)
Batting: RHB Miguel Gómez 0-0: Ball
1-0: Ball
2-0: Foul Ball, location: 2F
2-1: SINGLE (Flyball, 8LS)
Batting: LHB Alex Willis 0-0: Swinging Strike
0-1: Ball
1-1: Called Strike
1-2: SINGLE (Line Drive, 89M)
Miguel Gómez to second
Pinch Hitting: SHB Jim Unknown 0-0: Foul Ball, location: 2F
0-1: Swinging Strike
0-2: Foul Ball, location: 2F
0-2: Grounds into double play, 4-6-3 (Groundball, 4)
Bottom of the 8th over - 0 run(s), 2 hit(s), 0 error(s), 1 left on base; Put-In-Bay 5 - Nebraska 6
TOP OF THE 9TH
Put-In-Bay BC batting - Pitching for Nebraska Plainsmen : RHP Manuel Hernández
Pitching: LHP Freek Belt
Now in CF: Jim Unknown
Pinch Hitting: RHB Ron Johnston 0-0: Ball
1-0: Fly out, F7 (Flyball, 7M)
Batting: LHB Dale Miller 0-0: Ball
1-0: SINGLE (Groundball, 4M)
Pinch Hitting: RHB Jim Unknown 0-0: Ball
1-0: Foul Ball, location: 2F
1-1: Grounds into double play, 4-6-3 (Groundball, 4)
Top of the 9th over - 0 run(s), 1 hit(s), 0 error(s), 0 left on base; Put-In-Bay 5 - Nebraska 6
This league is powered by Out of the Park Baseball, the baseball management simulation game for PC, Mac and Linux
Friday, April 15th, 2016 - OOTP Baseball 16.9 Build 39